 Dungeon Crawl Stone Soup version 0.28-a0-265-g048bc9fd10 (webtiles) character file.

Game seed: 3228402380369733561

1932 Shayle the Skirmisher (level 9, -7/68 HPs)
             Began as a Djinni Warper on Aug 28, 2021.
             Was an Initiate of Makhleb.
             Mangled by Joseph (10 damage)
             ... on level 7 of the Dungeon.
             The game lasted 00:27:36 (8007 turns).

Shayle the Skirmisher (Djinni Warper)               Turns: 8007, Time: 00:27:36

Health: -7/68      AC: 13    Str: 10    XL:     9   Next: 40%
Gold:   167        EV: 12    Int: 19    God:    Makhleb [......] SH:  0 Dex: 14

rFire   + + .      SeeInvis .   i - +2 spear (vamp)
rCold   . . .      Faith    .   (no shield)
rNeg    + . .      Spirit   .   x - +3 leather armour {rPois}
rPois   ∞          Reflect  .   (no helmet)
rElec   .          Harm     .   m - +2 cloak
rCorr   .          Rampage  .   (no gloves)
Will    .....                   (boots unavailable)
Stlth   ++........              (no amulet)
HPRegen 0.21/turn               j - +4 ring of protection
MPRegen 0.00/turn               b - ring "Caar" {rC+ rN+ Int+2 Stlth+}

@: flying, studying Fighting
A: sickness immunity, fire resistance 2, cold vulnerability 1, float, innate
caster, hp casting, extra vitality 1
a: Renounce Religion


You were on level 7 of the Dungeon.
You worshipped Makhleb.
Makhleb was noncommittal.
You visited 2 branches of the dungeon, and saw 8 of its levels.

You collected 271 gold pieces.
You spent 104 gold pieces at shops.

Inventory:

Hand Weapons
 h - a +0 short sword of freezing
 i - a +2 vampiric spear (weapon)
 C - a +2 mace of protection
 F - a +2 spear of distortion
Missiles
 c - a boomerang of dispersal (quivered)
 q - a throwing net
 u - 4 boomerangs
Armour
 a - a +0 leather armour
 m - a +2 cloak (worn)
 r - a +0 buckler
 x - a +3 leather armour of poison resistance (worn)
 E - the +0 robe of Habyomic {Rampage rC- Str+4}
   (You found it on level 6 of the Dungeon)

   Str:       It affects your strength (+4).
   rC:        It makes you vulnerable to cold.
   Rampage:   It bestows one free step when moving towards enemies.
Jewellery
 b - the ring "Caar" (right hand) {rC+ rN+ Int+2 Stlth+}
   (You acquired it on level 6 of the Dungeon)

   [ring of protection from cold]

   Int:       It affects your intelligence (+2).
   rC:        It protects you from cold.
   rN:        It protects you from negative energy.
   Stlth:     It makes you more stealthy.
 j - a +4 ring of protection (left hand)
 l - a ring of resist corrosion
 w - a ring of ice
Scrolls
 g - a scroll of magic mapping
 n - 4 scrolls of identify
 o - 2 scrolls of enchant weapon
 p - a scroll of amnesia {unknown}
 t - 2 scrolls of enchant armour
 y - 3 scrolls of teleportation
 z - a scroll of holy word {unknown}
 A - 2 scrolls of vulnerability {unknown}
Potions
 e - a potion of resistance {unknown}
 f - 2 potions of flight {unknown}
 k - 2 potions of brilliance {unknown}
 s - 2 potions of haste {unknown}
 v - a potion of mutation {unknown}
 B - a potion of degeneration {unknown}


   Skills:
 + Level 7.4 Fighting
 - Level 0.7 Throwing
 - Level 1.0 Armour
 - Level 2.1 Dodging
 + Level 6.6 Unarmed Combat
 + Level 5.4 Spellcasting
 + Level 2.3 Invocations
 + Level 1.9 Evocations


You couldn't memorise any spells.
You knew the following spells:

 Your Spells              Type           Power      Damage    Failure   Level
a - Blink                 Tloc           N/A        N/A       2%          2
b - Lesser Beckoning      Tloc           13%        N/A       4%          3
c - Gell's Gravitas       Tloc           13%        N/A       4%          3
d - Teleport Other        Tloc           26%        N/A       4%          3
e - Manifold Assault      Tloc           26%        N/A       43%         5
f - Shock                 Conj/Air       100%       1d9       1%          1
g - Call Imp              Summ           26%        N/A       2%          2
h - Passwall              Tmut/Erth      21%        N/A       2%          2
i - Confusing Touch       Hex            26%        N/A       4%          3
Your spell library was empty.

Dungeon Overview and Level Annotations

Branches:
Dungeon (7/15)             Temple (1/1) D:6

Altars:
Ashenzari
Dithmenos
Fedhas
Gozag
Kikubaaqudgha
Makhleb
Qazlal
Ru
Sif Muna
Uskayaw
Vehumet
Wu Jian
Xom
Yredelemnul
Zin

Shops:
D:6 ?

Annotations:
D:1 1 runed translucent door
D:3 2 transporters, 1 runed translucent door, Crazy Yiuf; CzarTim's ghost, amateur DrHu
D:7 Joseph


Innate Abilities, Weirdness & Mutations

You are immune to sickness and miasma.
You are immune to poison.
Your flesh is very heat resistant. (rF++)
You are vulnerable to cold. (rC-)
You float through the air rather than walking.
You learn spells naturally, not from books.
Your magical power is your life essence.
You have superior vitality. (+4 HP)


Message History

Joseph is moderately wounded.
Joseph hits you with a +0 quarterstaff!
* * * LOW HITPOINT WARNING * * *
Your shadow imp hits Joseph.
Joseph barely misses you.
Unknown command.
You feel better.
Your shadow imp hits Joseph but does no damage.
Joseph closely misses you.
You hit Joseph but do no damage.
Joseph is moderately wounded.
Your shadow imp barely misses Joseph.
Joseph says, "I've waited for this moment for such a long time."
Joseph hits you with a +0 quarterstaff!
* * * LOW HITPOINT WARNING * * *
Unknown command.
You hit Joseph but do no damage.
Joseph is moderately wounded.
Your shadow imp hits Joseph but does no damage.
Joseph hits you with a +0 quarterstaff!
* * * LOW HITPOINT WARNING * * *
Unknown command.
You feel better.
Your shadow imp barely misses Joseph.
Joseph hits you with a +0 quarterstaff.
* * * LOW HITPOINT WARNING * * *
Okay, then.
As you read the scroll of fear, it crumbles to dust.
You assume a fearsome visage.
Joseph looks frightened!
Your shadow imp hits Joseph.
Your shadow imp's attack snaps Joseph out of his fear.
Joseph hits you with a +0 quarterstaff.
* * * LOW HITPOINT WARNING * * *
Unknown command.
You feel better.
Your shadow imp barely misses Joseph.
Joseph says, "I've waited for this moment for such a long time."
Joseph hits you with a +0 quarterstaff!
* * * LOW HITPOINT WARNING * * *
You hit Joseph.
You feel better.
Joseph is moderately wounded.
Your shadow imp barely misses Joseph.
Joseph hits you with a +0 quarterstaff!
You die...

#.....#.....#.........
##.....#.....#.........
#..###'#'###...........
...#...#...#...........
...#..(....#......@....
#.####...### .........
...#....)..# #........
...#.......# #@##
.5.)).###### #5@##
.###### #...##
########. ..#
#....####........ ..##
#..#..............
#..##
#.####............
##..## #..#
###.......... ##..###
#.# ##.........
#....#####.# #.........
#.###......#
##.#......#


You could see Joseph (ally target) and a friendly shadow imp (summoned).

Vanquished Creatures
  A troll (D:6)
  A sky beast (D:6)
  An orc warrior (D:7)
  A necrophage (D:5)
  2 centaurs (D:5)
  2 kobold brigands (D:6)
  A phantom (D:6)
  A scorpion (D:4)
  A wyvern skeleton (D:7)
  3 howler monkeys
  4 orc priests
  3 hounds
  A jelly (D:6)
  Natasha (twice) (D:3)
  2 iguanas
  5 adders
  A howler monkey skeleton (D:5)
  A shadow imp (D:6)
  2 worms
  A dart slug (D:1)
  16 orcs
  9 ball pythons
  3 bats
  9 endoplasms
  4 giant cockroaches
  7 goblins
  6 hobgoblins
  19 kobolds
  A quokka (D:2)
  2 frilled lizards (D:3)
  4 rats
116 creatures vanquished.

Vanquished Creatures (collateral kills)
  Sigmund (D:3)
  Eustachio (D:5)
  2 ogres
  A kobold brigand (D:6)
  A wyvern zombie (D:6)
  A jelly (D:7)
  Natasha (D:3)
  An orc wizard (D:7)
  An orc (D:7)
  A kobold (D:6)
11 creatures vanquished.

Grand Total: 127 creatures vanquished

Notes
Turn   | Place    | Note
-------+----------+-------------------------------------------
     0 | D:1      | Shayle the Djinni Warper began the quest for the Orb.
     0 | D:1      | Reached XP level 1. HP: 18/18 MP: 0/0
     1 | D:1      | Found a runed translucent door.
   221 | D:1      | Reached XP level 2. HP: 23/23 MP: 0/0
   918 | D:1      | Reached XP level 3. HP: 29/29 MP: 0/0
   918 | D:1      | Learned a level 1 spell: Shock
   962 | D:2      | Found a faded altar of an unknown god.
  1134 | D:2      | Reached XP level 4. HP: 33/34 MP: 0/0
  1724 | D:2      | Reached skill level 3 in Fighting
  1969 | D:3      | Noticed Sigmund
  2027 | D:4      | Noticed a scorpion
  2049 | D:4      | Killed a scorpion
  2050 | D:4      | Reached XP level 5. HP: 10/40 MP: 0/0
  2050 | D:4      | Learned a level 2 spell: Call Imp
  2391 | D:4      | Noticed an ogre
  2805 | D:3      | Noticed Natasha
  2815 | D:3      | Killed Natasha
  2920 | D:3      | Reached XP level 6. HP: 44/47 MP: 0/0
  3086 | D:3      | Killed Sigmund
  3087 | D:3      | Reached skill level 4 in Fighting
  3093 | D:3      | Noticed Natasha
  3105 | D:3      | Killed Natasha
  3331 | D:3      | Noticed Natasha
  3347 | D:3      | Killed Natasha
  3494 | D:3      | Found a transporter.
  3494 | D:3      | Identified the +9 great mace of Slimy Tortfeasance {pain,
                  | Drain Fly Will+++ Str+3}
  3494 | D:3      | Noticed an ogre
  3494 | D:3      | Noticed CzarTim's ghost (amateur DrHu)
  3500 | D:3      | Noticed an ogre
  3505 | D:3      | Found a transporter.
  3618 | D:3      | Found a runed translucent door.
  3619 | D:3      | Noticed Crazy Yiuf
  3782 | D:4      | Killed an ogre
  3783 | D:4      | Reached XP level 7. HP: 38/53 MP: 0/0
  3783 | D:4      | Learned a level 2 spell: Passwall
  3975 | D:5      | Entered Level 5 of the Dungeon
  3997 | D:5      | Noticed Eustachio
  4016 | D:5      | Killed Eustachio
  4646 | D:5      | Reached skill level 5 in Fighting
  4646 | D:5      | Reached skill level 5 in Unarmed Combat
  4939 | D:5      | Reached XP level 8. HP: 42/59 MP: 0/0
  5801 | D:6      | Identified 2 scrolls of acquirement
  5801 | D:6      | Acquired a manual of Fighting
  5802 | D:6      | Acquired the ring "Caar" {rC+ rN+ Int+2 Stlth+}
  5846 | D:6      | Reached skill level 6 in Fighting
  6035 | D:6      | Reached skill level 5 in Spellcasting
  6070 | D:6      | Found a staircase to the Ecumenical Temple.
  6077 | Temple   | Entered the Ecumenical Temple
  6244 | Temple   | Became a worshipper of Makhleb the Destroyer
  6567 | D:6      | Found Biampael's Magic Scroll Shop.
  6579 | D:6      | Bought a scroll of fear for 38 gold pieces
  6579 | D:6      | Bought a scroll of teleportation for 33 gold pieces
  6579 | D:6      | Bought a scroll of teleportation for 33 gold pieces
  6626 | D:6      | Reached skill level 1 in Invocations
  6626 | D:6      | Reached XP level 9. HP: 31/67 MP: 0/0
  6626 | D:6      | Learned a level 3 spell: Confusing Touch
  6827 | D:6      | Identified the +0 robe of Habyomic {Rampage rC- Str+4}
  6849 | D:6      | Found a glowing silver altar of Zin.
  6972 | D:6      | Noticed a troll
  7001 | D:6      | Killed a troll
  7002 | D:6      | Reached skill level 7 in Fighting
  7002 | D:6      | Reached skill level 1 in Evocations
  7629 | D:7      | Found a sacrificial altar of Ru.
  7982 | D:7      | Noticed Joseph
  8006 | D:7      | HP: 2/68 [Joseph (15)]
  8007 | D:7      | Mangled by Joseph

Illustrated notes

Levels and vault maps discovered:
D:1:      dpeg_arrival_caged_fury, layout_loops_ring
D:2:      layout_loops_ring, basic_ecumenical_altar, basic_altar,
          minmay_split_cup_large
D:3:      layout_loops_cross, gammafunk_ghost_smash, eino_curves_02,
          minmay_unequal, uniq_sigmund, uniq_crazy_yiuf_cottage, uniq_natasha
D:4:      layout_loops_ring, amcnicky_mini_corridor_feature,
          minmay_snake_closets
D:5:      layout_loops_corners, palyth_stone_intersect, uniq_eustachio
D:6:      layout_basic, zin_statuary, amcnicky_altar_gilded,
          minmay_temple_entry_mist, serial_shops, nicolae_stop_n_shop_2,
          minmay_misc_feat_doors
D:7:      layout_cave_pods, hangedman_ru_absence, serial_glass, glass_columns_a,
          glass_columns_a, uniq_joseph
Temple:   minmay_temple_bridge_abc

Skill      XL: |  1  2  3  4  5  6  7  8  9 |
---------------+----------------------------+-----
Spellcasting   | 3 4 5 |  5.4
Fighting       | 3 4 5 6 7 |  7.4
Unarmed Combat | 3 4 5 6 |  6.6
Invocations    | 1 2 |  2.3
Evocations     | 1 |  1.9
Throwing       | |  0.7
Armour         | |  1.0
Dodging        | |  2.1

Action                   |  1- 3 |  4- 6 |  7- 9 || total
-------------------------+-------+-------+-------++-------
Melee: Unarmed           |   124 |    94 |       ||   218
       Spear             |       |   145 |   410 ||   555
       Punch             |       |     2 |    10 ||    12
Throw: Boomerang         |       |       |     4 ||     4
 Cast: Call Imp          |       |    16 |    38 ||    54
       Shock             |       |     1 |     3 ||     4
       Blink             |       |       |     6 ||     6
Evoke: Wand              |       |       |     8 ||     8
  Use: Scroll            |     2 |     2 |     9 ||    13
       Potion            |       |       |     8 ||     8
 Stab: Sleeping          |       |     2 |     1 ||     3
       Distracted        |       |       |     2 ||     2
Armor: Leather armour    |    43 |   115 |   253 ||   411
Dodge: Dodged            |    78 |   110 |   320 ||   508

Table legend: (Time is in decaauts)
 A = Elapsed time spent in this place.
 B = Non-inter-level travel time spent in this place.
 C = Inter-level travel time spent in this place.
 D = Time resting spent in this place.
 E = Time spent auto-exploring this place.
 F = Levels seen in this place.
 G = Mean time per level.
                   A        B        C        D        E       F      G
               +--------+--------+--------+--------+--------+-----+--------+
         Total |   8070 |   7899 |    171 |   1652 |   4213 |   8 | 1008.8 |
       Dungeon |   7880 |   7730 |    150 |   1652 |   4059 |   7 | 1125.7 |
        Temple |    189 |    168 |     21 |      0 |    154 |   1 |  189.0 |
               +--------+--------+--------+--------+--------+-----+--------+

Top non-repeatable levels by time:
     D:6: 1817 daAuts
     D:3: 1456 daAuts
     D:5: 1443 daAuts
     D:2: 976 daAuts
     D:1: 958 daAuts
     D:7: 626 daAuts
     D:4: 601 daAuts
  Temple: 189 daAuts
